TOP OF THE 1ST |
Grand Junction Rockies batting - Pitching for Helena Brewers : RHP Antonio Ballesteros
|
Pitching: RHP Antonio Ballesteros
|
|
Batting: RHB Juan Figueroa
|
0-0: Ball 1-0: Bunt missed! 1-1: Foul Ball, location: 2F 1-2: Strikes out looking
|
Batting: LHB Bill McGregor
|
0-0: Foul Ball, location: 2F 0-1: Foul Ball, location: 2F 0-2: Ball 1-2: Foul Ball, location: 2F 1-2: Fly out, F7 (Flyball, 7LS, EV 84.4 MPH)
|
Batting: RHB Henry Alvizo
|
0-0: Ball 1-0: Fly out, F7 (Flyball, 7D, EV 91.9 MPH)
|
Top of the 1st over - 0 runs, 0 hits, 0 errors, 0 left on base; Grand Junction 0 - Helena 0 |
BOTTOM OF THE 1ST |
Helena Brewers batting - Pitching for Grand Junction Rockies : LHP Kyle Mearkle
|
Pitching: LHP Kyle Mearkle
|
|
Batting: RHB Nick Cummings
|
0-0: Called Strike 0-1: Ground out 5-3 (Groundball, 56S, EV 73.8 MPH)
|
Batting: SHB Mike Williams
|
0-0: Ball 1-0: Ground out 6-3 (Groundball, 6MD, EV 86.9 MPH)
|
Batting: LHB Gabe Harvey
|
0-0: Ball 1-0: SOLO HOME RUN (Flyball, 9D, EV 98.1 MPH), Distance : 361 ft
|
Batting: RHB Dustin Pryor
|
0-0: Swinging Strike 0-1: Reached via error on a dropped throw from P, E3 (Groundball, 15S, EV 77.5 MPH)
|
Batting: RHB Ben Taylor
|
0-0: Ball 1-0: Ball 2-0: Ground out 4-3 (Groundball, 34, EV 86.9 MPH)
|
Bottom of the 1st over - 1 run, 1 hit, 1 error, 1 left on base; Grand Junction 0 - Helena 1 |
TOP OF THE 2ND |
Grand Junction Rockies batting - Pitching for Helena Brewers : RHP Antonio Ballesteros
|
Batting: LHB Zack Guillen
|
0-0: Swinging Strike 0-1: Foul Ball, location: 2F 0-2: Strikes out looking
|
Batting: LHB Luke Coulter
|
0-0: Ground out 4-3 (Groundball, 34D, EV 110.0 MPH)
|
Batting: LHB Michael Krott
|
0-0: Ball 1-0: Ball 2-0: Called Strike 2-1: Called Strike 2-2: Strikes out looking
|
Top of the 2nd over - 0 runs, 0 hits, 0 errors, 0 left on base; Grand Junction 0 - Helena 1 |
BOTTOM OF THE 2ND |
Helena Brewers batting - Pitching for Grand Junction Rockies : LHP Kyle Mearkle
|
Batting: SHB Robert Sayer
|
0-0: Called Strike 0-1: Foul Ball, location: 2F 0-2: Strikes out swinging
|
Batting: RHB Dustin Hartman
|
0-0: Ball 1-0: Ball 2-0: Called Strike 2-1: Ball 3-1: Fly out, F8 (Flyball, 8LD, EV 104.4 MPH)
|
Batting: LHB Pablo Cardona
|
0-0: Ball 1-0: Ball 2-0: Foul Ball, location: 2F 2-1: Foul Ball, location: 2F 2-2: Foul Ball, location: 2F 2-2: SINGLE (Groundball, 34D, EV 101.2 MPH)
|
Batting: LHB Umar Matoub
|
0-0: Ball 1-0: Swinging Strike 1-1: Called Strike 1-2: Ball 2-2: Ball 3-2: Base on Balls Pablo Cardona to second
|
Batting: RHB Nick Cummings
|
0-0: Fly out, F3 (Flyball, 3D, EV 72.5 MPH)
|
Bottom of the 2nd over - 0 runs, 1 hit, 0 errors, 2 left on base; Grand Junction 0 - Helena 1 |
TOP OF THE 3RD |
Grand Junction Rockies batting - Pitching for Helena Brewers : RHP Antonio Ballesteros
|
Batting: RHB Bryce Hickman
|
0-0: Called Strike 0-1: Ball 1-1: Foul Ball, location: 2F 1-2: Strikes out swinging, 2-3 out at first.
|
Batting: LHB Harry Folsom
|
0-0: Foul Ball, location: 2F 0-1: Ball 1-1: Ball 2-1: Called Strike 2-2: Ball 3-2: Foul Ball, location: 2F 3-2: Base on Balls
|
Batting: RHB Willie Benito
|
0-0: Fly out, F8 (Flyball, 89D, EV 94.4 MPH)
|
Batting: RHB Juan Figueroa
|
0-0: Swinging Strike 0-1: Ball 1-1: Called Strike Harry Folsom steals 2nd base 1-2: Foul Ball, location: 2F 1-2: Strikes out swinging
|
Top of the 3rd over - 0 runs, 0 hits, 0 errors, 1 left on base; Grand Junction 0 - Helena 1 |
BOTTOM OF THE 3RD |
Helena Brewers batting - Pitching for Grand Junction Rockies : LHP Kyle Mearkle
|
Batting: SHB Mike Williams
|
0-0: SINGLE (Flyball, 8LS, EV 88.1 MPH)
|
Batting: LHB Gabe Harvey
|
0-0: Fly out, F6 (Popup, P, EV 75.6 MPH)
|
Batting: RHB Dustin Pryor
|
0-0: Ball 1-0: Called Strike 1-1: Ball 2-1: SINGLE (Groundball, 25, EV 68.8 MPH) (infield hit) Mike Williams to second
|
Batting: RHB Ben Taylor
|
0-0: Ball Mike Williams steals 3rd base (no throw) Dustin Pryor to second 1-0: Ground out 6-3 (Groundball, 6MD, EV 106.9 MPH) Mike Williams scores Dustin Pryor to third
|
Batting: SHB Robert Sayer
|
0-0: Called Strike 0-1: Ball 1-1: Called Strike 1-2: Ball 2-2: Foul Ball, location: 2F 2-2: TRIPLE (Line Drive, 78XD, EV 96.9 MPH) Dustin Pryor scores
|
Batting: RHB Dustin Hartman
|
0-0: Called Strike 0-1: Swinging Strike 0-2: Ball 1-2: Strikes out swinging
|
Bottom of the 3rd over - 2 runs, 3 hits, 0 errors, 1 left on base; Grand Junction 0 - Helena 3 |
TOP OF THE 4TH |
Grand Junction Rockies batting - Pitching for Helena Brewers : RHP Antonio Ballesteros
|
Batting: LHB Bill McGregor
|
0-0: Called Strike 0-1: Ball 1-1: Ball 2-1: Ball 3-1: Base on Balls
|
Batting: RHB Henry Alvizo
|
0-0: Called Strike Bill McGregor steals 2nd base (no throw) 0-1: Ball Bill McGregor steals 3rd base 1-1: Called Strike 1-2: Ball 2-2: 2-RUN HOME RUN (Flyball, 9LD, EV 95.6 MPH), Distance : 341 ft
|
Batting: LHB Zack Guillen
|
0-0: Fly out, F7 (Flyball, 7LS, EV 88.1 MPH)
|
Batting: LHB Luke Coulter
|
0-0: Called Strike 0-1: Swinging Strike 0-2: Foul Ball, location: 2F 0-2: Foul Ball, location: 2F 0-2: Ball 1-2: Ball 2-2: Strikes out swinging
|
Batting: LHB Michael Krott
|
0-0: Ball 1-0: SINGLE (Flyball, 4MD, EV 85.0 MPH)
|
Batting: RHB Bryce Hickman
|
0-0: Ball Michael Krott is caught stealing 2nd base 2-4
|
Top of the 4th over - 2 runs, 2 hits, 0 errors, 0 left on base; Grand Junction 2 - Helena 3 |
BOTTOM OF THE 4TH |
Helena Brewers batting - Pitching for Grand Junction Rockies : LHP Kyle Mearkle
|
Batting: LHB Pablo Cardona
|
0-0: Ball 1-0: Ball 2-0: Ball 3-0: Called Strike 3-1: Called Strike 3-2: Base on Balls
|
Batting: LHB Umar Matoub
|
0-0: Fly out, F8 (Flyball, 89D, EV 76.2 MPH)
|
Batting: RHB Nick Cummings
|
0-0: Swinging Strike 0-1: Ball 1-1: Ball 2-1: Ball 3-1: Foul Ball, location: 2F 3-2: Strikes out swinging Pablo Cardona steals 2nd base Batter strikes out.
|
Batting: SHB Mike Williams
|
0-0: Called Strike 0-1: Ball 1-1: Ball 2-1: Fly out, F8 (Flyball, 8LM, EV 93.8 MPH)
|
Bottom of the 4th over - 0 runs, 0 hits, 0 errors, 1 left on base; Grand Junction 2 - Helena 3 |
TOP OF THE 5TH |
Grand Junction Rockies batting - Pitching for Helena Brewers : RHP Antonio Ballesteros
|
Batting: RHB Bryce Hickman
|
0-0: Ball 1-0: Called Strike 1-1: Swinging Strike 1-2: Foul Ball, location: 2F 1-2: Ball 2-2: Strikes out swinging
|
Batting: LHB Harry Folsom
|
0-0: Called Strike 0-1: Swinging Strike 0-2: Foul Ball, location: 2F 0-2: Strikes out swinging, 2-3 out at first.
|
Batting: RHB Willie Benito
|
0-0: Called Strike 0-1: DOUBLE (Groundball, 5L, EV 101.2 MPH)
|
Batting: RHB Juan Figueroa
|
0-0: Called Strike 0-1: Ball 1-1: Ball 2-1: Called Strike 2-2: Ball 3-2: SINGLE (Groundball, 4M, EV 81.2 MPH) (infield hit) Willie Benito to third
|
Pitching: RHP Odmar van de Vijver
|
|
Batting: LHB Bill McGregor
|
0-0: Foul Ball, location: 2F 0-1: Ball 1-1: Ball 2-1: Ball 3-1: Base on Balls Juan Figueroa to second
|
Batting: RHB Henry Alvizo
|
0-0: Ball 1-0: Ball 2-0: Called Strike 2-1: Called Strike 2-2: Foul Ball, location: 2F 2-2: Ground out 4-3 (Groundball, 4, EV 81.2 MPH)
|
Top of the 5th over - 0 runs, 2 hits, 0 errors, 3 left on base; Grand Junction 2 - Helena 3 |
BOTTOM OF THE 5TH |
Helena Brewers batting - Pitching for Grand Junction Rockies : LHP Kyle Mearkle
|
Batting: LHB Gabe Harvey
|
0-0: SINGLE (Groundball, 6MD, EV 96.9 MPH) (infield hit)
|
Batting: RHB Dustin Pryor
|
0-0: Grounds into double play, 5-4-3 (Groundball, 56, EV 78.8 MPH)
|
Batting: RHB Ben Taylor
|
0-0: Ball 1-0: Swinging Strike 1-1: Foul Ball, location: 2F 1-2: Strikes out swinging
|
Bottom of the 5th over - 0 runs, 1 hit, 0 errors, 0 left on base; Grand Junction 2 - Helena 3 |
TOP OF THE 6TH |
Grand Junction Rockies batting - Pitching for Helena Brewers : RHP Odmar van de Vijver
|
Batting: LHB Zack Guillen
|
0-0: Called Strike 0-1: Foul Ball, location: 2F 0-2: Foul Ball, location: 2F 0-2: Ball 1-2: Foul Ball, location: 2F 1-2: Ball 2-2: Ball 3-2: Ground out U3 (Groundball, 3S, EV 81.9 MPH)
|
Batting: LHB Luke Coulter
|
0-0: Ball 1-0: Ball 2-0: Ball 3-0: Called Strike 3-1: Foul Ball, location: 2F 3-2: Foul Ball, location: 2F 3-2: Foul Ball, location: 2F 3-2: Foul Ball, location: 2F 3-2: Foul Ball, location: 2F 3-2: Foul Ball, location: 2F 3-2: Fly out, F4 (Popup, 4M, EV 58.8 MPH)
|
Pitching: RHP Brian Heimerman
|
|
Batting: LHB Michael Krott
|
0-0: Ball 1-0: Called Strike 1-1: Foul Ball, location: 2F 1-2: Ball 2-2: Strikes out swinging
|
Top of the 6th over - 0 runs, 0 hits, 0 errors, 0 left on base; Grand Junction 2 - Helena 3 |
BOTTOM OF THE 6TH |
Helena Brewers batting - Pitching for Grand Junction Rockies : LHP Kyle Mearkle
|
Batting: SHB Robert Sayer
|
0-0: Ball 1-0: Fly out, F7 (Line Drive, 7, EV 102.5 MPH)
|
Pitching: RHP Jim Micaletti
|
|
Batting: RHB Dustin Hartman
|
0-0: Ball 1-0: Called Strike 1-1: Swinging Strike 1-2: Ball 2-2: SINGLE (Line Drive, 34D, EV 104.4 MPH)
|
Batting: LHB Pablo Cardona
|
0-0: SINGLE (Line Drive, 78S, EV 110.0 MPH) Dustin Hartman to second
|
Batting: LHB Umar Matoub
|
0-0: Swinging Strike 0-1: Fielders Choice at 2nd, 6-4 (Groundball, 6, EV 105.6 MPH) Dustin Hartman to third
|
Batting: RHB Nick Cummings
|
0-0: Swinging Strike 0-1: Ball 1-1: Ball 2-1: DOUBLE (Flyball, 8RD, EV 97.5 MPH) Dustin Hartman scores Umar Matoub to third Runner from 3rd tries for Home, SAFE, no throw by CF
|
Batting: SHB Mike Williams
|
0-0: Called Strike 0-1: Called Strike 0-2: 2-RUN HOME RUN (Line Drive, 7D, EV 98.1 MPH), Distance : 383 ft
|
Batting: LHB Gabe Harvey
|
0-0: SINGLE (Flyball, 78S, EV 93.8 MPH)
|
Batting: RHB Dustin Pryor
|
0-0: Ball 1-0: Foul Ball, location: 2F 1-1: Foul Ball, location: 2F 1-2: Foul Ball, location: 2F 1-2: Ball 2-2: Foul Ball, location: 2F 2-2: Ball 3-2: Foul Ball, location: 2F 3-2: Foul Ball, location: 2F 3-2: Base on Balls Gabe Harvey to second
|
Batting: RHB Ben Taylor
|
0-0: Ball 1-0: Foul Ball, location: 2F 1-1: Fly out, F9 (Flyball, 9LM, EV 98.1 MPH)
|
Bottom of the 6th over - 4 runs, 5 hits, 0 errors, 2 left on base; Grand Junction 2 - Helena 7 |
TOP OF THE 7TH |
Grand Junction Rockies batting - Pitching for Helena Brewers : RHP Brian Heimerman
|
Batting: RHB Bryce Hickman
|
0-0: Ball 1-0: Called Strike 1-1: Ground out 5-3 (Groundball, 56, EV 106.2 MPH)
|
Batting: LHB Harry Folsom
|
0-0: Called Strike 0-1: Ball 1-1: Ground out 5-3 (Groundball, 5L, EV 88.1 MPH)
|
Batting: RHB Willie Benito
|
0-0: Fly out, F7 (Flyball, 78D, EV 101.9 MPH)
|
Top of the 7th over - 0 runs, 0 hits, 0 errors, 0 left on base; Grand Junction 2 - Helena 7 |
BOTTOM OF THE 7TH |
Helena Brewers batting - Pitching for Grand Junction Rockies : RHP Jim Micaletti
|
Batting: SHB Robert Sayer
|
0-0: Ball 1-0: Ball 2-0: Called Strike 2-1: Ball 3-1: Called Strike 3-2: Ground out 5-3 (Groundball, 56S, EV 90.6 MPH)
|
Batting: RHB Dustin Hartman
|
0-0: Ball 1-0: Foul Ball, location: 2F 1-1: DOUBLE (Line Drive, 9LD, EV 108.8 MPH) - OUT at third base trying to stretch hit.
|
Batting: LHB Pablo Cardona
|
0-0: Ball 1-0: Ball 2-0: Ball 3-0: Base on Balls
|
Batting: LHB Umar Matoub
|
0-0: Ball 1-0: Ball 2-0: Ball 3-0: Base on Balls Pablo Cardona to second
|
Batting: RHB Nick Cummings
|
0-0: Foul Ball, location: 2F 0-1: Swinging Strike 0-2: Ball 1-2: Foul Ball, location: 2F 1-2: Foul Ball, location: 2F 1-2: SINGLE (Groundball, 25, EV 64.4 MPH) (infield hit) Pablo Cardona to third Umar Matoub to second
|
Batting: SHB Mike Williams
|
0-0: Ball 1-0: SINGLE (Groundball, 56D, EV 100.6 MPH) Pablo Cardona scores Umar Matoub to third Nick Cummings to second Runner from 3rd tries for Home, SAFE, throw by LF to home
|
Batting: LHB Gabe Harvey
|
0-0: Fly out, F7 (Flyball, 7LM, EV 79.4 MPH)
|
Bottom of the 7th over - 2 runs, 3 hits, 0 errors, 2 left on base; Grand Junction 2 - Helena 9 |
TOP OF THE 8TH |
Grand Junction Rockies batting - Pitching for Helena Brewers : RHP Brian Heimerman
|
Batting: RHB Juan Figueroa
|
0-0: Ball 1-0: Ground out 4-3 (Groundball, 4, EV 83.8 MPH)
|
Batting: LHB Bill McGregor
|
0-0: Ball 1-0: Ball 2-0: Ball 3-0: Base on Balls
|
Batting: RHB Henry Alvizo
|
0-0: Called Strike 0-1: Foul Ball, location: 2F 0-2: Foul Ball, location: 2F 0-2: Foul Ball, location: 2F 0-2: Foul Ball, location: 2F 0-2: Strikes out swinging
|
Batting: LHB Zack Guillen
|
0-0: Ball 1-0: Swinging Strike 1-1: Foul Ball, location: 2F 1-2: Foul Ball, location: 2F 1-2: Strikes out looking
|
Top of the 8th over - 0 runs, 0 hits, 0 errors, 1 left on base; Grand Junction 2 - Helena 9 |
BOTTOM OF THE 8TH |
Helena Brewers batting - Pitching for Grand Junction Rockies : RHP Jim Micaletti
|
Batting: RHB Dustin Pryor
|
0-0: Swinging Strike 0-1: Ball 1-1: Hit by Pitch
|
Batting: RHB Ben Taylor
|
0-0: Foul Ball, location: 2F 0-1: Swinging Strike 0-2: Ball 1-2: Ball 2-2: Ball 3-2: Base on Balls Dustin Pryor to second
|
Pitching: LHP Jason Ryan
|
|
Pinch Hitting: RHB Juan Villanueva
|
0-0: Ball 1-0: Foul Ball, location: 2F 1-1: Fly out, F7 (Flyball, 7, EV 75.0 MPH)
|
Batting: RHB Dustin Hartman
|
0-0: Ball Wild Pitch! Dustin Pryor to third Ben Taylor to second 1-0: Foul Ball, location: 2F 1-1: Ball 2-1: Ball 3-1: Foul Ball, location: 2F 3-2: Foul Ball, location: 2F 3-2: Fly out, F9 (Flyball, 89D, EV 105.6 MPH) Runner from 3rd tags up, SCORES, throw by RF Ben Taylor to third
|
Pinch Hitting: SHB David Lass
|
0-0: Called Strike 0-1: Called Strike 0-2: Ball 1-2: Foul Ball, location: 2F 1-2: Ball 2-2: Ball Wild Pitch! Ben Taylor scores 3-2: Base on Balls
|
Pinch Hitting: RHB Tim West
|
0-0: Foul Ball, location: 2F 0-1: Called Strike 0-2: Ball 1-2: Ball 2-2: Foul Ball, location: 2F 2-2: Fielders Choice at 2nd, 5-4 (Groundball, 56, EV 88.8 MPH)
|
Bottom of the 8th over - 2 runs, 0 hits, 0 errors, 1 left on base; Grand Junction 2 - Helena 11 |
TOP OF THE 9TH |
Grand Junction Rockies batting - Pitching for Helena Brewers : RHP Brian Heimerman
|
Now at 1B: Eli Valles
|
|
Now at SS: Juan Villanueva
|
|
Now in LF: Mike Williams
|
|
Now in CF: David Lass
|
|
Batting: LHB Luke Coulter
|
0-0: Ball 1-0: Swinging Strike 1-1: Swinging Strike 1-2: Ball 2-2: Ball 3-2: Base on Balls
|
Batting: LHB Michael Krott
|
0-0: Ball 1-0: Foul Ball, location: 2F 1-1: Called Strike 1-2: Strikes out swinging
|
Batting: RHB Bryce Hickman
|
0-0: Ground out 5-3 (Groundball, 5L, EV 85.0 MPH) Luke Coulter to second
|
Batting: LHB Harry Folsom
|
0-0: Foul Ball, location: 2F 0-1: Swinging Strike 0-2: Foul Ball, location: 2F 0-2: Ball 1-2: Ball 2-2: Strikes out looking
|
Top of the 9th over - 0 runs, 0 hits, 0 errors, 1 left on base; Grand Junction 2 - Helena 11 |
|